 Dungeon Crawl Stone Soup version 0.29.0-11-gd7f09526c8 (webtiles) character file.

Game seed: 10275474889652653423

252 experimilk the Cudgeller (level 5, -3/43 HPs)
             Began as a Palentonga Fighter on Sept 5, 2022.
             Slain by Blork the orc
             ... wielding a +3 battleaxe of electrocution
              (16 damage)
             ... on level 4 of the Dungeon on Sept 6, 2022.
             The game lasted 00:08:43 (3942 turns).

experimilk the Cudgeller (Palentonga Fighter)       Turns: 3942, Time: 00:08:44

Health: -3/43      AC:  7    Str: 24    XL:     5   Next: 89%
Magic:  5/5        EV:  7    Int:  8    God:
Gold:   174        SH:  4    Dex:  9    Spells: 4/4 levels left

rFire   . . .      SeeInvis +   a - +0 flail
rCold   . . .      Faith    .   c - +0 buckler
rNeg    . . .      Spirit   .   b - +0 scale mail
rPois   .          Reflect  .   (no helmet)
rElec   .          Harm     .   (no cloak)
rCorr   .          Rampage  .   j - +0 pair of gloves
Will    .....                   (no barding)
Stlth   ..........              (no amulet)
HPRegen 0.14/turn               (no ring)
MPRegen 0.09/turn               (no ring)

@: no status effects
A: large, rugged brown scales 3, see invisible, deformed body, roll 1, armoured
tail
a: Rolling Charge


You were on level 4 of the Dungeon.
You visited 1 branch of the dungeon, and saw 4 of its levels.

You collected 174 gold pieces.

Inventory:

Hand Weapons
 a - a +0 flail (weapon)
Missiles
 e - a throwing net
Armour
 b - a +0 scale mail (worn)
 c - a +0 buckler (worn)
 j - a +0 pair of gloves (worn)
Jewellery
 k - a ring of ice
 m - a ring of positive energy
 o - a +6 ring of dexterity
Scrolls
 q - a scroll of magic mapping
Potions
 f - a potion of haste
 g - a potion of flight {unknown}
 h - 2 potions of heal wounds
 i - 2 potions of curing
 l - a potion of brilliance {unknown}
 n - a potion of lignification {unknown}
 r - a potion of ambrosia {unknown}


   Skills:
 - Level 3.0 Fighting
 + Level 6.2 Maces & Flails
 - Level 2.4 Armour
 - Level 2.6 Shields


You had 4 spell levels left.
You didn't know any spells.
Your spell library contained the following spells:

 Spells                   Type           Power      Damage    Failure   Level
 Apportation              Tloc           0%         N/A       80%         1
 Necrotise                Necr           0%         1d4       80%         1
 Summon Small Mammal      Summ           0%         N/A       80%         1


Dungeon Overview and Level Annotations

Branches:
Dungeon (4/15)
 Temple: D:4-7

Altars:

Annotations:
D:4 Blork the orc


Innate Abilities, Weirdness & Mutations

You are completely covered in rugged brown scales. (AC +3, +7% HP)
You have supernaturally acute eyesight. (SInv)
Armour fits poorly on your strangely shaped body.
You can roll at nearby foes to attack.
You have a long armoured tail.


Message History

Found a pair of boots.
You now have 174 gold pieces (gained 11).
A hobgoblin comes into view.
The hobgoblin shouts!
Roll where?
Press: ? - help, Dir - move target, f - hobgoblin
Aim: a hobgoblin You roll forward with a clatter of scales!
You hit the hobgoblin.
You kill the hobgoblin!
You see here a hobgoblin corpse.
You open the door.
Found a stone staircase leading down.
Blork the orc and a quokka come into view.
Blork the orc is wielding a +3 battleaxe of electrocution.
Blork the orc shouts!
Blork the orc moves out of view.
There is an open door here.
Found 19 gold pieces.
There is a stone staircase leading down here.
Roll where?
Press: ? - help, Dir - move target, f - Blork the orc
Aim: Blork the orc, wielding a +3 battleaxe of electrocution and wearing a +0 robe You roll forward with a clatter of scales!
You completely miss Blork the orc. You tail-slap Blork the orc!
Blork the orc is moderately wounded.
Blork the orc miscasts a cantrip.
You hit Blork the orc.
Blork the orc is heavily wounded.
Blork the orc screams, "I'll crush all your ribs!
One by one!"
Blork the orc hits you with a +3 battleaxe of electrocution!
You hit Blork the orc but do no damage. You tail-slap Blork the orc!
Blork the orc is severely wounded.
The quokka closely misses you.
Blork the orc hits you with a +3 battleaxe of electrocution!
You block the quokka's attack.
You barely miss Blork the orc.
Blork the orc is severely wounded.
Blork the orc hits you with a +3 battleaxe of electrocution!
You die...

#.#.##### #.#.# ######
#.#.# #....# #.#.#####
#....# #........
#....###########.#####
#...>'...†............
#....###########.#####
####r@##########.#####
#......o................
#........#####......####
#........# #.......'...
#......$.# #.......####
########## #.......#
######## #.......#
#......# #.......#
#.####.# #.......#


You could see Blork the orc and a quokka.

Vanquished Creatures
  An ogre (D:4)
  8 adders
  3 dart slugs
  3 orcs
  5 endoplasms
  9 giant cockroaches
  4 hobgoblins
  9 kobolds
  3 quokkas
  8 ball pythons
  5 bats
  4 frilled lizards
  7 goblins
  12 rats
81 creatures vanquished.

Notes
Turn   | Place    | Note
-------+----------+-------------------------------------------
     0 | D:1      | experimilk the Palentonga Fighter began the quest for the
                  | Orb.
     0 | D:1      | Reached XP level 1. HP: 19/19 MP: 1/1
   587 | D:1      | Reached XP level 2. HP: 23/25 MP: 2/2
   811 | D:1      | Reached skill level 3 in Maces & Flails
  1458 | D:1      | Reached XP level 3. HP: 24/31 MP: 3/3
  1523 | D:1      | Found a faded altar of an unknown god.
  1972 | D:2      | Reached skill level 4 in Maces & Flails
  2049 | D:2      | Reached XP level 4. HP: 37/37 MP: 4/4
  2593 | D:3      | Reached skill level 5 in Maces & Flails
  3080 | D:3      | Reached XP level 5. HP: 40/43 MP: 5/5
  3458 | D:4      | Noticed an ogre
  3464 | D:4      | Killed an ogre
  3465 | D:4      | Reached skill level 6 in Maces & Flails
  3937 | D:4      | Noticed Blork the orc
  3942 | D:4      | Slain by Blork the orc

Illustrated notes

Levels and vault maps discovered:
D:1:      tarquinn_simple_flora_water_e, layout_loops_corners,
          hellmonk_ecumenical_altar_defaced_shrine, corexii_hall_statues_x,
          st_stairs_3
D:2:      layout_rooms, minmay_quantized
D:3:      layout_basic, minmay_misc_feat_x
D:4:      layout_basic, serial_shops, kennysheep_little_box, uniq_blork_the_orc

Skill      XL: |  1  2  3  4  5 |
---------------+----------------+-----
Maces & Flails | 3 4 5 6 |  6.2
Fighting       | |  3.0
Armour         | |  2.4
Shields        | |  2.6

Action                   |  1- 3 |  4- 6 || total
-------------------------+-------+-------++-------
Melee: Flail             |    94 |   119 ||   213
       Tailslap          |    11 |    16 ||    27
 Abil: Rolling Charge    |    23 |    39 ||    62
  Use: Scroll            |     1 |     7 ||     8
       Potion            |       |     2 ||     2
Armor: Scale mail        |    53 |    79 ||   132
Dodge: Dodged            |    20 |    30 ||    50
Block: Buckler           |    13 |    11 ||    24
